 Dungeon Crawl Stone Soup version 0.29.0-4-gdea44cf6ec (webtiles) character file.

Game seed: 3925096600408221544

53 qw the Ruffian (level 3, -12/28 HPs)
             Began as a Ghoul Fire Elementalist on Aug 30, 2022.
             Mangled by a gnoll
             ... wielding a +0 halberd
              (16 damage)
             ... on level 2 of the Dungeon.
             The game lasted 00:01:08 (1199 turns).

qw the Ruffian (Ghoul Fire Elementalist)            Turns: 1199, Time: 00:01:08

Health: -12/28     AC:  3    Str: 13    XL:     3   Next: 89%
Magic:  4/4        EV: 12    Int: 10    God:
Gold:   84         SH:  0    Dex:  9    Spells: 4/5 levels left

rFire   . . .      SeeInvis .     - Unarmed
rCold   + . .      Faith    .   (no shield)
rNeg    + + +      Spirit   .   a - +0 robe
rPois   inf        Reflect  .   (no helmet)
rElec   .          Harm     .   (no cloak)
rCorr   .          Rampage  .   (no gloves)
Will    .....                   d - +0 pair of boots
Stlth   ++........              (no amulet)
HPRegen 0.00/turn               (no ring)
MPRegen 0.09/turn               (no ring)

@: inhibited regen
A: claws 1, cold resistance 1, negative energy resistance 3, inhibited
regeneration, torment resistance 2, devour on kill
a: no special abilities


You were on level 2 of the Dungeon.
You visited 1 branch of the dungeon, and saw 2 of its levels.

You collected 84 gold pieces.


Innate Abilities, Weirdness & Mutations

You are immune to poison.
You have sharp fingernails.
Your flesh is cold resistant. (rC+)
You are immune to negative energy. (rN+++)
You do not regenerate when monsters are visible.
You are immune to unholy pain and torment.
You thrive by killing the living.


   Skills:
 - Level 1.2 Fighting
 - Level 1.7 Dodging
 - Level 2.1 Stealth
 + Level 3.3 Unarmed Combat
 - Level 1.7 Spellcasting
 - Level 0.7 Conjurations
 - Level 2.4 Fire Magic


You had 4 spell levels left.
You knew the following spells:

 Your Spells              Type           Power      Damage    Failure   Level
a - Foxfire               Conj/Fire      16%        2x1d4     17%         1

Your spell library contained the following spells:

 Spells                   Type           Power      Damage    Failure   Level
 Scorch                   Fire           10%        2d6       19%         2
 Conjure Flame            Conj/Fire      4%         6-21      45%         3
 Inner Flame              Hex/Fire       3%         N/A       52%         3
 Flame Wave               Conj/Fire      4%         2d5       86%         4

Inventory:

Armour
 a - a +0 robe (worn)
 d - a +0 pair of boots (worn)
Scrolls
 g - a scroll of identify
Potions
 f - a potion of curing {unknown}
 h - a potion of flight {unknown}
 l - a potion of heal wounds {unknown}

Dungeon Overview and Level Annotations

Branches:
Dungeon (2/15)

Altars:


Message History

The gnoll shouts!
1186 ||| Stepping ~*~*~tactically~*~*~ (hiding).
You start waiting.
A gnoll is nearby!
A jackal comes into view.
The jackal barks!
You hear a bark!
A jackal comes into view.
A gnoll comes into view. It is wielding a +0 halberd.
The gnoll barely misses you.
A gnoll comes into view. It is wielding a +0 flail.
The gnoll barely misses you.
You scratch the gnoll.
The gnoll is lightly wounded.
1192 ||| Stepping ~*~*~tactically~*~*~ (outnumbered).
The gnoll barely misses you.
You scratch the gnoll.
The gnoll is heavily wounded.
The gnoll hits you from afar with a +0 halberd!
The gnoll hits you with a +0 flail.
You scratch the gnoll.
The gnoll is severely wounded.
The gnoll barely misses you. x2
You scratch the gnoll.
You kill the gnoll!
You feel better.
The gnoll hits you from afar with a +0 halberd.
You scratch the jackal but do no damage.
The gnoll hits you from afar with a +0 halberd.
The jackal closely misses you.
1197 ||| Stepping ~*~*~tactically~*~*~ (outnumbered).
The jackal attacks as you move away! The jackal barely misses you.
The jackal bites you.
You barely miss the jackal.
The gnoll hits you from afar with a +0 halberd.
The jackal bites you.
You closely miss the jackal. The jackal closely misses you.
The gnoll hits you from afar with a +0 halberd!
Ouch! That really hurt!
You die... . .. ... ..# ##g..# . ###g.g.# .. #hgS#

... #h### ..
##@# #.##%.#
#....######
#.....#...#
#.###.#...# #.
#.....# #
##....#
##...###########
##.............


You could see 2 gnolls and 2 jackals.

Vanquished Creatures
  An adder (D:2)
  A gnoll (D:2)
  2 dart slugs
  4 ball pythons (D:1)
  2 bats (D:1)
  2 endoplasms (D:1)
  2 giant cockroaches (D:1)
  2 hobgoblins (D:1)
  4 jackals (D:1)
  2 quokkas (D:1)
  2 frilled lizards (D:1)
  3 goblins (D:1)
  A kobold (D:1)
  2 rats (D:1)
30 creatures vanquished.

Notes
Turn   | Place    | Note
-------+----------+-------------------------------------------
     0 | D:1      | qw the Ghoul Fire Elementalist began the quest for the Orb.
     0 | D:1      | Reached XP level 1. HP: 14/14 MP: 2/2
     0 | D:1      | 0 ||| qw: Version: 0.1-a-90-g952f4b7
     0 | D:1      | 0 ||| qw: Game counter: 4295
     0 | D:1      | 0 ||| qw: Always use a shield: true
     0 | D:1      | 0 ||| qw: God list: Okawaru
     0 | D:1      | 0 ||| qw: Allow faded altars: false
     0 | D:1      | 0 ||| qw: Do Orc after D:15 true
     0 | D:1      | 0 ||| qw: Do second Lair branch before Depths: true
     0 | D:1      | 0 ||| qw: Lair rune preference: random
     0 | D:1      | 0 ||| qw: Plans: Normal
     0 | D:1      | 0 ||| PLANNING D:1-11
    15 | D:1      | 15 ||| Stepping ~*~*~tactically~*~*~ (stealth).
    23 | D:1      | Reached skill level 1 in Unarmed Combat
    79 | D:1      | Reached skill level 1 in Fighting
    79 | D:1      | Reached XP level 2. HP: 23/23 MP: 3/3
   108 | D:1      | 108 ||| Stepping ~*~*~tactically~*~*~ (stealth).
   110 | D:1      | 110 ||| Stepping ~*~*~tactically~*~*~ (stealth).
   123 | D:1      | 123 ||| Stepping ~*~*~tactically~*~*~ (outnumbered).
   125 | D:1      | 125 ||| Stepping ~*~*~tactically~*~*~ (outnumbered).
   130 | D:1      | Reached skill level 2 in Unarmed Combat
   130 | D:1      | 130 ||| Stepping ~*~*~tactically~*~*~ (outnumbered).
   131 | D:1      | 131 ||| Stepping ~*~*~tactically~*~*~ (outnumbered).
   132 | D:1      | 132 ||| Stepping ~*~*~tactically~*~*~ (outnumbered).
   133 | D:1      | 133 ||| Stepping ~*~*~tactically~*~*~ (outnumbered).
   134 | D:1      | 134 ||| Stepping ~*~*~tactically~*~*~ (outnumbered).
   135 | D:1      | 135 ||| Stepping ~*~*~tactically~*~*~ (outnumbered).
   138 | D:1      | HP: 4/23 [hobgoblin (3)]
   478 | D:1      | Reached XP level 3. HP: 28/28 MP: 4/4
   694 | D:1      | 694 ||| Stepping ~*~*~tactically~*~*~ (stealth).
   988 | D:1      | 988 ||| UPGRADING to +0 pair of boots.
   993 | D:1      | 993 ||| READING scroll labelled HIRY XEMMIBIS.
   997 | D:1      | 997 ||| READING 2 scrolls labelled QIAPSICH BEUS.
   998 | D:1      | 998 ||| READING scroll labelled MIPENI QYZAETAHICH.
   999 | D:1      | 999 ||| READING scroll labelled HAUMEA QYIGU.
  1000 | D:1      | 1000 ||| READING scroll labelled LITRIMEHOR.
  1001 | D:1      | 1001 ||| READING scroll labelled ILUR OSACRU.
  1002 | D:1      | 1002 ||| DROPPING potion of magic.
  1053 | D:2      | 1053 ||| Stepping ~*~*~tactically~*~*~ (stealth).
  1061 | D:2      | 1061 ||| Stepping ~*~*~tactically~*~*~ (hiding).
  1084 | D:2      | Reached skill level 3 in Unarmed Combat
  1186 | D:2      | 1186 ||| Stepping ~*~*~tactically~*~*~ (hiding).
  1192 | D:2      | 1192 ||| Stepping ~*~*~tactically~*~*~ (outnumbered).
  1197 | D:2      | 1197 ||| Stepping ~*~*~tactically~*~*~ (outnumbered).
  1198 | D:2      | HP: 6/28 [gnoll/+0 halberd (4)]
  1199 | D:2      | Mangled by a gnoll

Levels and vault maps discovered:
D:1:      saegor_arrival_miasma, layout_basic, minmay_heptomino_l4
D:2:      layout_rooms, minmay_tree_intersection

Skill      XL: |  1  2  3 |
---------------+----------+-----
Unarmed Combat | 1 2 3 |  3.3
Fighting       | 1 |  1.2
Dodging        | |  1.7
Stealth        | |  2.1
Spellcasting   | |  1.7
Conjurations   | |  0.7
Fire Magic     | |  2.4

Action                   || total
-------------------------++-------
Melee: Unarmed           ||    92
       Punch             ||     2
  Use: Scroll            ||     6
Armor: Robe              ||    15
Dodge: Dodged            ||    79

Table legend:
 A = Non-vault XP
 B = Vault XP
 C = Vault XP percentage of total XP
 D = Non-vault monster count
 E = Vault monster count
 F = Vault count percentage of total count
                 A         B        C        D         E       F
            +---------+---------+-------+---------+---------+-------
      Total |      74 |       3 |   3.9 |      27 |       3 |  10.0
            +---------+---------+-------+---------+---------+-------
        D:1 |      42 |       3 |   6.7 |      24 |       3 |  11.1
        D:2 |      32 |       0 |   0.0 |       3 |       0 |   0.0
            +---------+---------+-------+---------+---------+-------
